 Dungeon Crawl Stone Soup version 0.30.0-29-ga12c61a403 (webtiles) character file.

Game seed: 4315016638989250301

20941 Graphine the Thaumaturge (level 12, -13/76 HPs)
             Began as a Deep Elf Earth Elementalist on June 16, 2023.
             Was an Initiate of Ashenzari.
             Mangled by a meliai
             ... wielding a +0 war axe
              (16 damage)
             ... in a Gauntlet.
             The game lasted 00:39:39 (11711 turns).

Graphine the Thaumaturge (DEEE)                    Turns: 11711, Time: 00:39:39

Health: -13/76     AC:  9    Str:  5    XL:     12   Next: 49%
Magic:  27/41      EV: 19    Int: 28    God:    Ashenzari [......]
Gold:   780        SH:  5    Dex: 15    Spells: 27/39 levels left

rFire   . . .        l - +5 spear (vamp)
rCold   . . .        (no shield)
rNeg    . . .        w - +1 robe "Portent of Ashenzari" {Archmagi, Melee, Elem} (curse)
rPois   .            L - +0 helmet
rElec   .            O - +2 cloak {rCorr}
rCorr   +            p - +0 pair of gloves
SInv    +            a - +0 pair of boots
Will    +....        F - amulet of Osyegelip {Reflect Int+2 SH+5 Stlth+}
Stlth   +++          f - ring of magical power
HPRegen 0.32/turn    j - ring of see invisible
MPRegen 0.27/turn

%: no teleportation, reflection, archmagi
@: no status effects
A: no striking features
a: Renounce Religion, Shatter the Chains


You were in a Gauntlet.
You worshipped Ashenzari.
Ashenzari was noncommittal.
You visited 2 branches of the dungeon, and saw 12 of its levels.
You also visited: Sewer, Bailey and Gauntlet.

You collected 780 gold pieces.

Inventory:

Hand Weapons
 g - a +4 whip of freezing
 h - a +3 quarterstaff of chaos
 l - a +5 vampiric spear (weapon)
 x - a +3 whip of flaming
 A - a +7 antimagic spear
 G - a +2 whip of distortion
Armour
 a - a +0 pair of boots (worn)
 o - the +0 chain mail "Lasawyzi" {rElec rF+++ SInv Stlth-}
   (You found it on level 3 of the Dungeon)

   rF:        It renders you almost immune to fire.
   rElec:     It insulates you from electricity.
   SInv:      It lets you see invisible.
   Stlth:     It makes you less stealthy.
 p - a +0 pair of gloves (worn)
 w - the cursed +1 robe "Portent of Ashenzari" (worn) {Archmagi, Melee, Elem}
   (You took it off an orc wizard on level 8 of the Dungeon)

   It has a curse which improves the following skills: Melee Combat: Short
   Blades, Long Blades, Axes, Maces & Flails, Polearms, Staves and Unarmed
   Combat.
   Elements:  Fire Magic, Ice Magic, Air Magic and Earth Magic.
 C - the +3 leather armour "Essaz" {rElec Str-3 Int+7}
   (You found it on level 4 of the Dungeon)

   Str:       It affects your strength (-3).
   Int:       It affects your intelligence (+7).
   rElec:     It insulates you from electricity.
 L - a +0 helmet (worn)
 O - a +2 cloak of preservation (worn)
Jewellery
 f - a ring of magical power (left hand)
 j - a ring of see invisible (right hand)
 m - a ring of fire
 q - a ring of protection from cold
 F - the amulet of Osyegelip (around neck) {Reflect Int+2 SH+5 Stlth+}
   (You acquired it in a Gauntlet)

   [amulet of reflection]

   It reflects blocked missile attacks.
   Int:       It affects your intelligence (+2).
   SH:        It affects your SH (+5).
   Stlth:     It makes you more stealthy.
Wands
 u - a wand of polymorph (6)
 H - a wand of iceblast (5)
 J - a wand of charming (4)
 N - a wand of flame (15)
Scrolls
 c - a scroll of silence
 e - 2 scrolls of teleportation
 i - a scroll of fear
 n - a scroll of poison
 r - 4 scrolls of fog
 t - 4 scrolls of enchant armour
 y - 2 scrolls of magic mapping
 z - a scroll of amnesia
 E - a scroll of identify
 P - a scroll of butterflies
Potions
 b - 2 potions of magic
 d - 3 potions of brilliance
 k - 2 potions of berserk rage
 s - a potion of attraction
 v - a potion of haste
 B - a potion of might
 D - a potion of resistance
 I - a potion of flight
 K - 3 potions of lignification
 M - 2 potions of curing
 S - a potion of heal wounds


   Skills:
 + Level 9.0 Fighting
 + Level 12.9 Dodging
 - Level 2.7 Stealth
 + Level 14.0 Spellcasting
 - Level 1.4 Transmutations
 + Level 12.1(12.5) Earth Magic


You had 27 spell levels left.
You knew the following spells:

 Your Spells              Type           Power      Damage    Failure   Level
a - Sandblast             Erth           100%       2d20      0%          1
b - Passwall              Tmut/Erth      60%        N/A       1%          2
c - Petrify               Tmut/Erth      73%        N/A       1%          4
d - Blink                 Tloc           58%        N/A       4%          2
e - Stone Arrow           Conj/Erth      100%       3d13      1%          3

Your spell library contained the following spells:

 Spells                   Type           Power      Damage    Failure   Level
 Static Discharge         Conj/Air       58%        2-5/arc   4%          2
 Tukima's Dance           Hex            29%        N/A       8%          3
 Vhi's Electric Charge    Tloc/Air       58%        N/A       8%          3
 Airstrike                Air            14%        2d(3-19)  26%         4
 Manifold Assault         Tloc           29%        N/A       26%         4
 Passage of Golubria      Tloc           29%        N/A       26%         4
 Summon Lightning Spire   Summ/Air       29%        N/A       26%         4
 Yara's Violent Unravell  Hex/Tmut       17%        3d8       50%         5
 Arcjolt                  Conj/Air       14%        1d24      58%         5
 Plasma Beam              Fire/Air       14%        2x1d28    99%         6
 Storm Form               Tmut/Air       17%        N/A       100%        7


Dungeon Overview and Level Annotations

Branches:
Dungeon (11/15)            Temple (1/1) D:4            Lair (0/5) D:10
  Sewer (visited)          Bailey (visited)         Gauntlet (1/1)
    Orc: D:9-12

Altars:
Ashenzari
Cheibriados
Dithmenos
Elyvilon
Hepliaklqana
Kikubaaqudgha
Makhleb
Ru
Sif Muna
Uskayaw
Vehumet
Wu Jian

Annotations:
Gauntlet 9 transporters, 1 runed translucent door


Message History

Casting: Stone Arrow (safe; 1% risk of failure)
Confirm with . or Enter, or press ? or * to list all spells.
Aiming: Stone Arrow (safe; 1% risk of failure)
Press: ? - help, Shift-Dir - straight line, f - meliai
Aim: a meliai, wielding a +0 war axe and wearing a +0 leather armour (66% to hit)
You feel a surge of power!
The stone arrow misses the meliai.
You feel extremely sick.
The meliai calls down the wrath of its god upon you.
Something smites you!
* * * LOW HITPOINT WARNING * * *
The meliai barely misses you. You block the meliai's attack.
You feel better. The meliai barely misses you. The meliai misses you.
The meliai invokes the aid of its god against you.
Something smites you!
* * * LOW HITPOINT WARNING * * *
Casting: Stone Arrow (safe; 1% risk of failure)
Confirm with . or Enter, or press ? or * to list all spells.
Aiming: Stone Arrow (safe; 1% risk of failure)
Press: ? - help, Shift-Dir - straight line, f/p - meliai
Aim: a meliai, wielding a +0 war axe and wearing a +0 leather armour (66% to hit)
You feel a surge of power!
The stone arrow hits the meliai!
The meliai is heavily wounded.
The meliai misses you.
The meliai stings you but does no damage.
The meliai hits you with a +0 war axe.
* * * LOW HITPOINT WARNING * * *
The meliai closely misses you.
Casting: Stone Arrow (safe; 1% risk of failure)
Confirm with . or Enter, or press ? or * to list all spells.
Aiming: Stone Arrow (safe; 1% risk of failure)
Press: ? - help, Shift-Dir - straight line, f/p - meliai
Aim: a meliai, wielding a +0 war axe and wearing a +0 leather armour (heavily wounded, 66% to hit)
You feel a surge of power!
The stone arrow hits the meliai!
The meliai is almost dead.
The meliai hits you with a +0 war axe.
* * * LOW HITPOINT WARNING * * *
The meliai stings you.
* * * LOW HITPOINT WARNING * * *
The meliai hits you with a +0 war axe!
You die...

..##≈##..#..#..####.#..##
.........#..#....Y..#..≈# ##
.........#..#########..###.#
##########..#..........##..##
.........#..#########..#.....
.##...##.#..#.......#..#...##
..##.##..#..#..##..##.8#.©.#
...#.#...#..#.##).###..#...##
....©#..©#©©###)@##©#.∩#.©...
...#.#..=#..##.y##?[#..#...##
..##.##.(#..#..##.!.#.8#.©.#
.##...##.#..#......y#..#...##
.........#..#########..#.....
##########..#..........##..##
.........#..#########..###.#
.........#..#ssB©##!#..≈# ##
..##≈##..#..##..##[:#..##


You could see an elephant and a meliai.

Vanquished Creatures
  A quicksilver ooze (Gauntlet)
  A hydra (D:8)
  A two-headed ogre (D:11)
  The ghost of MacCMillion the Tainter, a novice TeVM of Kikubaaqudgha (D:9)
  An orc sorcerer (Bailey)
  An orc knight (Bailey)
  Maggie (D:10)
  Grinder (D:6)
  2 meliai (Gauntlet)
  4 trolls
  A raiju (Gauntlet)
  A wyvern (D:9)
  2 wraiths
  A vampire (D:10)
  A shadow (D:11)
  A basilisk (D:9)
  Eustachio (D:4)
  The ghost of purpleHaze the Shooter, an amateur HuHu (D:4)
  16 yaks
  4 steam dragons
  3 vampire mosquitoes (D:10)
  2 water moccasins
  The ghost of admiralandromeda the Digger, an amateur GrEE (D:4)
  2 ice beasts (D:6)
  3 black bears
  12 orc warriors
  2 wolves (D:7)
  A sky beast (D:7)
  3 ogres
  3 centaurs
  2 phantoms (D:5)
  Blork the orc (D:4)
  4 kobold brigands
  3 gnoll sergeants
  5 scorpions
  2 bullfrogs
  12 wights
  6 killer bees (D:10)
  4 howler monkeys (D:8)
  2 electric eels (Bailey)
  3 jellies
  15 orc priests
  2 gnoll boudas (D:7)
  7 hounds
  A sleepcap (D:5)
  Crazy Yiuf (D:6)
  Natasha (twice) (D:2)
  8 iguanas
  16 orc wizards
  Robin (D:4)
  22 gnolls
  6 adders
  2 shadow imps
  4 worms
  2 dart slugs (D:1)
  76 orcs
  9 endoplasms
  A giant cockroach (D:4)
  23 goblins
  10 hobgoblins
  4 jackals
  6 quokkas
  12 ball pythons
  6 bats
  6 frilled lizards
  36 kobolds
  4 rats
401 creatures vanquished.

Notes
Turn   | Place    | Note
-------+----------+-------------------------------------------
     0 | D:1      | Graphine the Deep Elf Earth Elementalist began the quest
                  | for the Orb.
     0 | D:1      | Reached XP level 1. HP: 10/10 MP: 6/6
   113 | D:1      | Reached XP level 2. HP: 15/15 MP: 6/8
   225 | D:1      | Learned a level 2 spell: Passwall
   961 | D:2      | Reached XP level 3. HP: 20/20 MP: 10/10
  1241 | D:2      | Noticed Natasha
  1249 | D:2      | Killed Natasha
  1250 | D:2      | Reached skill level 1 in Fighting
  1251 | D:2      | Reached XP level 4. HP: 9/25 MP: 11/11
  1328 | D:2      | Reached skill level 4 in Spellcasting
  1483 | D:2      | Noticed Natasha
  1488 | D:2      | Killed Natasha
  1675 | D:2      | Reached XP level 5. HP: 29/29 MP: 13/13
  2047 | D:3      | Identified the +0 chain mail "Lasawyzi" {rElec rF+++ SInv
                  | Stlth-}
  2451 | D:4      | Noticed Blork the orc
  2460 | D:4      | Killed Blork the orc
  2464 | D:4      | Reached XP level 6. HP: 15/35 MP: 15/15
  2480 | D:4      | Reached skill level 5 in Spellcasting
  2620 | D:4      | Learned a level 4 spell: Petrify
  2773 | D:4      | Found a runed translucent gate.
  2773 | D:4      | Found a runed translucent gate.
  2774 | D:4      | Found a runed translucent gate.
  2775 | D:4      | Noticed purpleHaze's ghost (amateur HuHu)
  2775 | D:4      | Noticed admiralandromeda's ghost (amateur GrEE)
  2877 | D:4      | Noticed Robin
  2889 | D:4      | Killed Robin
  3066 | D:4      | Found a staircase to the Ecumenical Temple.
  3087 | Temple   | Entered the Ecumenical Temple
  3099 | Temple   | Became a worshipper of Ashenzari the Shackled
  3143 | D:4      | Found an ancient bone altar of Kikubaaqudgha.
  3157 | D:4      | Noticed Eustachio
  3162 | D:4      | Found a glowing drain.
  3166 | D:4      | Killed Eustachio
  3167 | D:4      | Reached skill level 5 in Earth Magic
  3178 | Sewer    | Entered a sewer
  3250 | Sewer    | Reached skill level 5 in Dodging
  3250 | Sewer    | Reached XP level 7. HP: 28/40 MP: 17/17
  3696 | D:4      | Found a hazy altar of Hepliaklqana.
  3741 | D:4      | Identified the +3 leather armour "Essaz" {rElec Str-3
                  | Int+7}
  3910 | D:4      | Killed purpleHaze's ghost
  3911 | D:4      | Reached skill level 6 in Spellcasting
  3916 | D:4      | Killed admiralandromeda's ghost
  4090 | D:5      | Entered Level 5 of the Dungeon
  4130 | D:5      | Learned a level 2 spell: Blink
  4133 | D:5      | Reached XP level 8. HP: 46/46 MP: 20/20
  4262 | D:5      | Found a shimmering blue altar of Sif Muna.
  4626 | D:5      | Reached skill level 7 in Spellcasting
  5038 | D:6      | Noticed Grinder
  5043 | D:6      | Paralysed by Grinder for 4 turns
  5056 | D:6      | Killed Grinder
  5057 | D:6      | Reached skill level 8 in Spellcasting
  5166 | D:6      | Reached XP level 9. HP: 52/52 MP: 23/23
  5398 | D:6      | Reached skill level 5 in Fighting
  5530 | D:6      | Found a runed translucent door.
  5531 | D:6      | Noticed Crazy Yiuf
  5669 | D:6      | Reached skill level 9 in Spellcasting
  5751 | D:6      | Killed Crazy Yiuf
  5888 | D:7      | Found a flagged portal.
  5900 | Bailey   | Entered a bailey
  5933 | Bailey   | Noticed an orc knight
  5944 | Bailey   | Killed an orc knight
  6130 | Bailey   | Noticed an orc sorcerer
  6139 | Bailey   | Killed an orc sorcerer
  6140 | Bailey   | Reached skill level 10 in Spellcasting
  6140 | Bailey   | Reached XP level 10. HP: 28/60 MP: 26/26
  6272 | Bailey   | Found an iron altar of Okawaru.
  6272 | Bailey   | Noticed an orc high priest
  6276 | Bailey   | Noticed an orange demon
  6280 | Bailey   | Noticed a soul eater
  6524 | D:7      | Reached skill level 10 in Dodging
  6524 | D:7      | Reached skill level 12 in Spellcasting
  6524 | D:7      | Reached skill level 10 in Earth Magic
  6524 | D:7      | Reached XP level 11. HP: 67/67 MP: 29/29
  6853 | D:7      | Learned a level 3 spell: Stone Arrow
  8166 | D:8      | Noticed a four-headed hydra
  8171 | D:8      | Killed a four-headed hydra
  8284 | D:8      | Found the +1 robe of Vines {NoPotionHeal Regen++++}
  8852 | D:9      | Found a runed translucent door.
  8852 | D:9      | Noticed MacCMillion's ghost (novice TeVM)
  8863 | D:9      | Killed MacCMillion's ghost
  8971 | D:9      | Reached skill level 13 in Spellcasting
  9163 | D:9      | Found a radiant altar of Vehumet.
  9967 | D:10     | Entered Level 10 of the Dungeon
  9988 | D:10     | Reached XP level 12. HP: 45/75 MP: 27/31
 10179 | D:10     | Found a sacrificial altar of Ru.
 10249 | D:10     | Noticed Maggie
 10254 | D:10     | Killed Maggie
 10494 | D:10     | Found a snail-covered altar of Cheibriados.
 10494 | D:10     | Found an ornate altar of the Wu Jian Council.
 10569 | D:10     | Found a staircase to the Lair.
 10824 | D:11     | Noticed a two-headed ogre
 10832 | D:11     | Killed a two-headed ogre
 10981 | D:11     | Found a gate leading to a gauntlet.
 10986 | Gauntlet | Entered a Gauntlet
 10986 | Gauntlet | Found a transporter.
 10986 | Gauntlet | Found a runed translucent door.
 10986 | Gauntlet | Found a transporter.
 10992 | Gauntlet | Found a transporter.
 11007 | Gauntlet | Found a transporter.
 11024 | Gauntlet | Found a transporter.
 11024 | Gauntlet | Found a transporter.
 11026 | Gauntlet | Found a transporter.
 11026 | Gauntlet | Found a transporter.
 11028 | Gauntlet | Found a transporter.
 11028 | Gauntlet | Noticed a quicksilver ooze
 11036 | Gauntlet | Noticed a dire elephant
 11038 | Gauntlet | Found a transporter.
 11054 | Gauntlet | Found a transporter.
 11061 | Gauntlet | Noticed an entropy weaver
 11064 | Gauntlet | Found a transporter.
 11078 | Gauntlet | Found a transporter.
 11098 | Gauntlet | Found a transporter.
 11106 | Gauntlet | Found a runed translucent door.
 11291 | Gauntlet | Killed a quicksilver ooze
 11292 | Gauntlet | Reached skill level 14 in Spellcasting
 11330 | Gauntlet | Identified the cursed +1 robe "Portent of Ashenzari"
                  | {Archmagi, Melee, Elem} (You took it off an orc wizard on
                  | level 8 of the Dungeon)
 11590 | Gauntlet | Identified a scroll of acquirement
 11591 | Gauntlet | Acquired the amulet of Osyegelip {Reflect Int+2 SH+5
                  | Stlth+}
 11711 | Gauntlet | HP: 3/76 [meliai/+0 war axe (6)]
 11711 | Gauntlet | Mangled by a meliai

Illustrated notes

Levels and vault maps discovered:
D:1:      lemuel_arrival_broad_hall, layout_basic, dreamdust_wishing_well
D:2:      layout_loops_ring, uniq_natasha
D:3:      layout_loops_ring
D:4:      layout_gridville, nicolae_hepliaklqana_hippocampus,
          kennysheep_little_box, minmay_temple_entry_crystal_x,
          cheibrodos_sewer_entry_bend, gammafunk_ghost_cemetery, uniq_eustachio,
          uniq_blork_the_orc, uniq_robin
D:5:      layout_basic, nicolae_sif_muna_condensation
D:6:      old_forge, layout_rooms, st_stairs_2, amcnicky_mini_pool_small,
          uniq_menkaure, uniq_crazy_yiuf_cottage, uniq_grinder
D:7:      layout_cave_pools, enter_bailey_4, serial_gnoll_camp,
          gnoll_camp_mini_house, gnoll_camp_mini_doghouse,
          gnoll_camp_mini_loothouse, gnoll_camp_medium_01,
          eino_small_chamber_without_monster, chequers_serial_rivers_micro_c,
          grunt_decor_clamped
D:8:      layout_basic, moated_statue, hellmonk_guarded_unrand_vines
D:9:      layout_roguey [special_room_orc], lemuel_tele_altar,
          hellmonk_ghost_happy_afterlife,
          hangedman_abyss_or_decor_jellyfish_corner
D:10:     layout_cross, nicolae_ru_awakened_eye, grunt_temple_overflow_open,
          lair_entry_dummy, uniq_maggie
D:11:     layout_loops_ring, hiddenorc2_lemuel, gauntlet_entry_generic,
          kennysheep_generic_room_13
Temple:   nicolae_temple_superstar
Gauntlet: gammafunk_gauntlet_mixed_choke_point
          [minmay_gauntlet_arena_77_shame_cube, minmay_gauntlet_arena_77_mess,
          minmay_gauntlet_arena_77_box, gammafunk_gauntlet_arena_split_x,
          minmay_gauntlet_arena_77_fan, minmay_gauntlet_arena_77_two_lines,
          minmay_gauntlet_arena_77_radiant_squares, gauntlet_exit_hidden_loot]

Skill      XL: |  1  2  3  4  5  6  7  8  9 10 11 12 |
---------------+-------------------------------------+-----
Dodging        | 3 4 5 7 9 10 12 | 12.9
Fighting       | 1 2 3 4 5 7 8 9 |  9.0
Spellcasting   | 4 5 6 8 10 12 13 14 | 14.0
Earth Magic    | 4 5 6 7 8 10 11 12 | 12.1
Stealth        | |  2.7
Transmutations | |  1.4

Action                     |  1- 3 |  4- 6 |  7- 9 | 10-12 || total
---------------------------+-------+-------+-------+-------++-------
  Melee: Whip              |       |       |     1 |       ||     1
         Spear             |       |       |       |     5 ||     5
   Cast: Sandblast         |    46 |    93 |   199 |   257 ||   595
         Blink             |       |       |       |     1 ||     1
         Stone Arrow       |       |       |       |   108 ||   108
 Invoke: Curse Item        |       |       |       |     1 ||     1
  Evoke: Wand              |       |       |       |     5 ||     5
    Use: Scroll            |     2 |     6 |       |    26 ||    34
         Potion            |       |     2 |     2 |    10 ||    14
 Armour: Robe              |     1 |    14 |     3 |    38 ||    56
         Leather armour    |       |       |    30 |    16 ||    46
         Skin              |       |       |       |     4 ||     4
  Dodge: Dodged            |     4 |    47 |    65 |   170 ||   286
  Block: Other             |       |       |       |     4 ||     4
